 Dungeon Crawl Stone Soup version 0.22-a0-354-g30dfbe6 (webtiles) character file.

38 Kairos the Skirmisher (level 3, 0/20 HPs)
             Began as a Vine Stalker Fighter on Apr 16, 2018.
             Succumbed to an adder's poison
             ... on level 2 of the Dungeon.
             The game lasted 00:01:23 (933 turns).

Kairos the Skirmisher (Vine Stalker Fighter)         Turns: 933, Time: 00:01:24

Health: 0/20       AC:  8    Str: 18    XL:     3   Next: 43%
Magic:  1/4        EV:  7    Int:  8    God:
Gold:   85         SH:  9    Dex: 14    Spells: 2/2 levels left

rFire    . . .     SeeInvis .   a - +0 war axe
rCold    . . .     Gourm    .   c - +0 shield
rNeg     . . .     Faith    .   b - +0 scale mail
rPois    .         Spirit   +   (no helmet)
rElec    .         Reflect  .   (no cloak)
rCorr    .         Harm     .   (no gloves)
MR       .....                  (no boots)
Stlth    ..........             (no amulet)
HPRegen  0.06/turn              (no ring)
MPRegen  0.09/turn              (no ring)

@: lethally poisoned (0 -> -4), flying
A: fangs 2, iridescent scales 1, blink, magic shield, antimagic bite, no potion
heal 3, rot immunity
a: Blink


You were on level 2 of the Dungeon.
You were hungry.

You visited 1 branch of the dungeon, and saw 2 of its levels.

You collected 85 gold pieces.

Inventory:

Hand Weapons
 a - a +0 war axe (weapon)
Armour
 b - a +0 scale mail (worn)
 c - a +0 shield (worn)
Scrolls
 e - a scroll of immolation {unknown}
 g - a scroll of teleportation {unknown}
Potions
 d - 2 potions of might
Comestibles
 f - 2 rations


   Skills:
 + Level 3.0 Fighting
 + Level 2.1 Axes
 + Level 2.9 Armour
 + Level 0.1 Dodging
 + Level 2.9 Shields


You had 2 spell levels left.
You didn't know any spells.

Dungeon Overview and Level Annotations

Branches:
Dungeon (2/15)

Altars:


Innate Abilities, Weirdness & Mutations

You have extremely sharp teeth.
When hurt, damage is shared between your health and your magic reserves.
Your bite disrupts and absorbs the magic of your enemies.
Potions cannot restore your health.
You are immune to rotting.
You are partially covered in iridescent scales. (AC +2)
You can translocate small distances at will.


Message History

The adder bites you.
* * * LOW HITPOINT WARNING * * *
You block the frilled lizard's attack. You block the adder's attack.
You closely miss the adder. Your bite misses the adder.
The adder is severely wounded.
You barely miss the frilled lizard. You block the adder's attack.
You block the frilled lizard's attack.
You barely miss the adder.
The adder is severely wounded.
You closely miss the frilled lizard. The adder barely misses you.
The frilled lizard bites you but does no damage.
The adder bites you.
* * * LOW HITPOINT WARNING * * *
You are lethally poisoned!
The adder poisons you!
The frilled lizard bites you but does no damage.
It was a potion of flight.
You feel very buoyant.
You fly up into the air.
You die...

......... .>
..#....
#.##......
.[......
###......
........#
#.....)S#
#l@# #[.##
#...#
#...########
##.......[..
#.#.######
#.#..#
#..#.#
#..#.#


You could see an adder and a frilled lizard.

Vanquished Creatures
  An adder (D:2)
  An ooze (D:1)
  A leopard gecko (D:2)
  A giant cockroach (D:1)
  7 goblins
  A hobgoblin (D:1)
  6 kobolds
  A bat (D:1)
  3 frilled lizards (D:1)
  A rat (D:1)
  A plant (D:1)
24 creatures vanquished.

Notes
Turn   | Place    | Note
-------+----------+-------------------------------------------
     0 | D:1      | Kairos the Vine Stalker Fighter began the quest for the Orb.
     0 | D:1      | Reached XP level 1. HP: 11/11 MP: 2/2
    56 | D:1      | Reached XP level 2. HP: 14/16 MP: 3/3
   306 | D:1      | Reached skill level 3 in Fighting
   392 | D:1      | Reached XP level 3. HP: 15/20 MP: 4/4
   855 | D:1      | Gained mutation: You are clumsy. (Dex -2) [potion of mutation]
   855 | D:1      | Lost mutation: You are clumsy. (Dex -2) [potion of mutation]
   855 | D:1      | Gained mutation: You can translocate small distances at will. [potion of mutation]
   855 | D:1      | Gained mutation: You are partially covered in iridescent scales. (AC +2) [potion of mutation]
   932 | D:2      | HP: 1/20 [adder (3)]
   933 | D:2      | Succumbed to an adder's poison

Vault maps used:
D:1:      onia_arrival_mini_spirals, serial_forest, infiniplex_forest_lined_2,
          infiniplex_forest_straight_1, infiniplex_forest_clump_large,
          infiniplex_forest_end_1, infiniplex_forest_clump_small,
          infiniplex_forest_fountain, infiniplex_forest_corner_1
D:2:      makhleb_grotto_becter

Skill      XL: |  1  2 |
---------------+-------+-----
Axes           | 2 |  2.1
Fighting       | 3 |  3.0
Armour         | |  2.9
Dodging        | |  0.1
Shields        | |  2.9

Action                   || total
-------------------------++-------
Melee: War axe           ||    89
       Bite              ||    29
 Abil: Blink             ||     4
  Use: Potion            ||     2
Armor: Scale mail        ||    48
Dodge: Dodged            ||    22
Block: Shield            ||    30

Table legend:
 A = Spawn XP
 B = Non-spawn XP
 C = Spawn XP percentage of total XP
 D = Spawn monster count
 E = Non-spawn monster count
 F = Spawn count percentage of total count
 G = Total turns spent on level
                    A         B        C        D         E        F      G
               +---------+---------+-------+---------+---------+-------+---------
         Total |       0 |      55 |   0.0 |       0 |      23 |   0.0 |   933
               +---------+---------+-------+---------+---------+-------+---------
           D:1 |       0 |      35 |   0.0 |       0 |      19 |   0.0 |   901
           D:2 |       0 |      20 |   0.0 |       0 |       4 |   0.0 |    32
               +---------+---------+-------+---------+---------+-------+---------
